 Dungeon Crawl Stone Soup version 0.31.0-9-g3a7656b989 (webtiles) character file.

Game seed: 16916091303307309821

1630100 EnegeticOcto the Formicid Blade (level 27, 236/236 HPs)
             Began as a Formicid Shapeshifter on Feb 1, 2024.
             Was the Champion of Dithmenos.
             Escaped with the Orb
             ... and 3 runes!
             The game lasted 01:49:34 (71934 turns).

EnegeticOcto the Formicid Blade (FoSh)             Turns: 71934, Time: 01:49:35

Health: 236/236    AC: 45    Str: 27 (28) XL:     27
Magic:  33/33      EV: 23    Int:  6 (9)  God:    Dithmenos [******]
Gold:   6773       SH: 12    Dex: 22 (26) Spells: 18/26 levels left

rFire   + + .        b - +8 triple sword (freeze)
rCold   + . .        U - +3 warlock's mirror {omnireflect}
rNeg    + + .        r - +8 gold dragon scales
rPois   +            (helmet unavailable)
rElec   +            T - +2 cloak {rF+}
rCorr   .            S - +1 pair of gloves of the Other World {Str+5 Stlth+}
SInv    +            F - +0 pair of boots of Qazlal's Delight {rElec rN+ Str-2 Dex+2}
Will    ++...        L - amulet of regeneration
Stlth   x              - +4 ring of protection
HPRegen 1.39/turn    d - ring of Holab {rN+ EV+5 Str+2 Int-4 Dex+2}
MPRegen 0.23/turn

%: reflection
@: wreathed by umbra
A: permanent stasis, dig shafts and tunnels, antennae 3, four strong arms, claws
1, poison resistance, strong 1
0: Orb of Zot
}: 3/15 runes: decaying, silver, gossamer
a: Dig, Shaft Self, Renounce Religion, Shadow Step, Shadow Form


You escaped.
You worshipped Dithmenos.
Dithmenos was exalted by your worship.
You visited 10 branches of the dungeon, and saw 48 of its levels.
You also visited: Trove, Gauntlet, Volcano and Wizlab.

You collected 8338 gold pieces.
You spent 1565 gold pieces at shops.

Inventory:

Hand Weapons
 a - the +9 sword of Power {lifebolt}
   (You bought it in a shop on level 4 of the Vaults)
 b - a +8 triple sword of freezing (weapon)
   (You subdued it on level 2 of the Elven Halls)
Missiles
 f - 13 curare-tipped darts (quivered)
 K - 3 throwing nets {!f}
Armour
 r - +8 gold dragon scales (worn)
   (You found it on level 2 of the Depths)
 F - the +0 pair of boots of Qazlal's Delight (worn) {rElec rN+ Str-2 Dex+2}
   (You found it on level 5 of the Lair of Beasts)

   Str-2:     It affects your strength (-2).
   Dex+2:     It affects your dexterity (+2).
   rElec:     It insulates you from electricity.
   rN+:       It protects you from negative energy.
 S - the +1 pair of gloves of the Other World (worn) {Str+5 Stlth+}
   (You found it in a treasure trove)

   Str+5:     It affects your strength (+5).
   Stlth+:    It makes you more stealthy.
 T - a +2 cloak of fire resistance (worn)
   (You found it in a volcano)
 U - the +3 warlock's mirror (worn) {omnireflect}
   (You found it in a treasure trove)

   Omnireflect: It can block and reflect piercing ranged attacks and magical
   attacks against the wielder's willpower.
Jewellery
 d - the ring of Holab (right hand) {rN+ EV+5 Str+2 Int-4 Dex+2}
   (You took it off a spriggan berserker on level 2 of the Depths)

   [ring of evasion]

   EV+5:      It affects your evasion (+5).
   Str+2:     It affects your strength (+2).
   Int-4:     It affects your intelligence (-4).
   Dex+2:     It affects your dexterity (+2).
   rN+:       It protects you from negative energy.
 j - the ring "Reegaf" {+Blink Fly rCorr Str+4}
   (You found it on level 2 of the Elven Halls)

   [ring of flight]

   Str+4:     It affects your strength (+4).
   Fly:       It grants you flight.
   +Blink:    It lets you blink.
   rCorr:     It protects you from acid and corrosion.
 p - the ring "Adiuf" {rN++ Int-2 Dex+3 SInv}
   (You took it off a necromancer on level 5 of the Vaults)

   [ring of see invisible]

   Int-2:     It affects your intelligence (-2).
   Dex+3:     It affects your dexterity (+3).
   rN++:      It greatly protects you from negative energy.
   SInv:      It lets you see invisible.
 x - a +4 ring of protection (left hand)
   (You found it on level 4 of the Lair of Beasts)
 z - the ring "Ykloxall" {rF+ rC+ Str+4}
   (You found it on level 2 of the Vaults)

   [ring of protection from cold]

   Str+4:     It affects your strength (+4).
   rF+:       It protects you from fire.
   rC+:       It protects you from cold.
 L - an amulet of regeneration (around neck)
   (You found it on level 8 of the Dungeon)
Wands
 c - a wand of charming (40)
   (You found it on level 10 of the Dungeon)
 k - a wand of polymorph (30)
   (You found it on level 2 of the Dungeon)
 m - a wand of digging (20) {@v3}
   (You found it on level 7 of the Dungeon)
 u - a wand of roots (73) {@v2}
   (You found it on level 7 of the Dungeon)
 O - a wand of light (52) {@v1}
   (You found it on level 9 of the Dungeon)
 P - a wand of flame (47) {@v4}
   (You found it on level 9 of the Dungeon)
 Q - a wand of mindburst (57)
   (You took it off Joseph on level 9 of the Dungeon)
Scrolls
 s - 3 scrolls of immolation
 w - 4 scrolls of fear {!r}
 y - 2 scrolls of butterflies {!r}
 D - 5 scrolls of silence {!r}
 H - 5 scrolls of poison {!r}
 I - 4 scrolls of revelation {@r5 !r}
 N - 6 scrolls of vulnerability
 W - a scroll of fog {!r}
Potions
 e - 4 potions of heal wounds {@q2 !q}
 g - 3 potions of mutation
 i - 8 potions of ambrosia
 l - 8 potions of lignification {@q6}
 n - 4 potions of resistance
 q - 4 potions of cancellation
 t - 18 potions of curing {@q1 !q}
 v - 3 potions of attraction
 A - 2 potions of might {@q3 !q}
 B - 4 potions of brilliance
 E - 9 potions of enlightenment
 J - 6 potions of magic
Miscellaneous
 o - a condenser vane
   (You found it on level 1 of the Swamp)
 C - a box of beasts (inert)
   (You found it on level 15 of the Dungeon)
 G - a phantom mirror (inert)
   (You found it on level 4 of the Vaults)
 Y - a lightning rod (4/4)
   (You found it on level 15 of the Dungeon)
 Z - a phial of floods
   (You found it on level 4 of the Lair of Beasts)


   Skills:
 + Level 23.4 Fighting
 - Level 24.0 Long Blades
 + Level 23.2 Armour
 + Level 18.7 Dodging
 - Level 12.6 Stealth
 - Level 15.2 Shields
 - Level 3.0 Unarmed Combat
 - Level 8.6 Translocations
 - Level 14.0 Invocations
 - Level 11.0 Evocations
 - Level 3.2 Shapeshifting


You had 18 spell levels left.
You knew the following spells:

 Your Spells              Type           Power      Damage    Failure   Level
b - Manifold Assault      Tloc           10%        N/A       82%         4
c - Passage of Golubria   Tloc           10%        N/A       82%         4

Your spell library contained the following spells:

 Spells                   Type           Power      Damage    Failure   Level
 Volatile Blastmotes      Fire/Tloc      10%        2d10      95%         3
 Freeze                   Ice            0%         1d3       99%         1
 Sandblast                Erth           0%         2d4       99%         1
 Shock                    Conj/Air       0%         1d3       99%         1
 Slow                     Hex            0%         N/A       99%         1
 Sting                    Conj/Alch      0%         1d3       99%         1
 Summon Small Mammal      Summ           0%         N/A       99%         1
 Call Imp                 Summ           0%         N/A       100%        2
 Cigotuvi's Dreadful Rot  Necr/Alch/Air  0%         N/A       100%        2
 Ensorcelled Hibernation  Hex/Ice        0%         N/A       100%        2
 Jinxbite                 Hex            0%         N/A       100%        2
 Scorch                   Fire           0%         2d5       100%        2
 Searing Ray              Conj           0%         2d4       100%        2
 Sublimation of Blood     Necr           0%         N/A       100%        2
 Dazzling Flash           Conj/Hex       0%         N/A       100%        3
 Frozen Ramparts          Ice            0%         1d1       100%        3
 Fugue of the Fallen      Necr           0%         N/A       100%        3
 Hailstorm                Conj/Ice       0%         3d5       100%        3
 Inner Flame              Hex/Fire       0%         N/A       100%        3
 Mephitic Cloud           Conj/Alch/Air  0%         N/A       100%        3
 Ozocubu's Armour         Ice            0%         N/A       100%        3
 Passwall                 Erth           0%         N/A       100%        3
 Summon Ice Beast         Ice/Summ       0%         N/A       100%        3
 Tukima's Dance           Hex            0%         N/A       100%        3
 Anguish                  Hex/Necr       0%         N/A       100%        4
 Flame Wave               Conj/Fire      0%         2d4       100%        4
 Fulminant Prism          Conj/Alch      0%         3d5       100%        4
 Ignite Poison            Fire/Alch      0%         N/A       100%        4
 Iskenderun's Mystic Bla  Conj/Tloc      5%         2d3       100%        4
 Leda's Liquefaction      Alch/Erth      0%         N/A       100%        4
 Petrify                  Alch/Erth      0%         N/A       100%        4
 Sticky Flame             Fire/Alch      0%         2d4       100%        4
 Arcjolt                  Conj/Air       0%         1d10      100%        5
 Curse of Agony           Necr           0%         N/A       100%        5
 Fireball                 Conj/Fire      0%         3d3       100%        5
 Freezing Cloud           Conj/Ice/Air   0%         6-21      100%        5
 Irradiate                Conj/Alch      0%         3d11      100%        5
 Metabolic Englaciation   Hex/Ice        0%         N/A       100%        5
 Silence                  Hex/Air        0%         N/A       100%        5
 Summon Forest            Summ/Tloc      2%         N/A       100%        5
 Summon Mana Viper        Hex/Summ       0%         N/A       100%        5
 Yara's Violent Unravell  Hex/Alch       0%         3d3       100%        5
 Conjure Ball Lightning   Conj/Air       0%         3x3d6     100%        6
 Plasma Beam              Fire/Air       0%         2x1d10    100%        6
 Sculpt Simulacrum        Ice/Alch       0%         N/A       100%        6
 Summon Cactus Giant      Summ           0%         N/A       100%        6
 Haunt                    Necr/Summ      0%         N/A       100%        7
 Malign Gateway           Summ/Tloc      2%         N/A       100%        7
 Ozocubu's Refrigeration  Ice            0%         4d7       100%        7
 Spellforged Servitor     Conj/Summ      0%         N/A       100%        7
 Summon Hydra             Summ           0%         N/A       100%        7
 Borgnjor's Revivificati  Necr           0%         N/A       100%        8
 Ignition                 Fire           0%         3d3       100%        8
 Summon Horrible Things   Summ           0%         N/A       100%        8
 Death's Door             Necr           0%         N/A       100%        9
 Dragon's Call            Summ           0%         N/A       100%        9
 Polar Vortex             Ice            0%         N/A       100%        9
 Shatter                  Erth           0%         3d5*      100%        9
 Swiftness                Air            Unusable   N/A       N/A         3
 Vhi's Electric Charge    Tloc/Air       Unusable   N/A       N/A         4

Dungeon Overview and Level Annotations

Branches:
Dungeon (15/15)            Temple (1/1) D:7            Lair (5/5) D:11
  Swamp (4/4) Lair:2       Spider (4/4) Lair:2        Slime (0/5) Lair:4
    Orc (2/2) D:12            Elf (3/3) Orc:2        Vaults (5/5) D:13
  Crypt (0/3) Vaults:2     Depths (4/4) D:15            Zot (5/5) Depths:4
Volcano (visited)          WizLab (visited)         Gauntlet (visited)

Altars:
Ashenzari
Cheibriados
Dithmenos
Elyvilon
Fedhas
Gozag
Hepliaklqana
Kikubaaqudgha
Makhleb
Nemelex Xobeh
Okawaru
Qazlal
Ru
Sif Muna
Trog
Uskayaw
Vehumet
Wu Jian
Xom
Yredelemnul
Zin
The Shining One
Jiyva

Shops:
D:12 (   Orc:1 =   Orc:2 =*((   Vaults:4 (   Depths:1 (   Depths:3 ((

Portals:
Hell: Depths:1 Depths:2 Depths:3 Depths:4
Abyss: Depths:3
Pandemonium: Depths:1 Depths:2 Depths:4
Ziggurat: Depths:1

Annotations:
D:3 3 runed translucent doors, confidenceinterval's ghost, amateur HuWn
D:4 1 runed translucent door, 2 transporters
D:6 3 runed translucent doors, Tinttamiau's ghost, amateur TrDe
Elf:1 1 runed translucent door, Prykner's ghost, adept DrEE
Elf:2 Roxanne
Elf:3 3 runed translucent doors, Jannitor's ghost, adept AtCj
Depths:3 exclusions: 3 Tzitzimimeh and 2 more exclusions
Depths:4 1 runed translucent door
Zot:1 2 runed translucent doors, exclusion: 2 doors, Decrayps's ghost, veteran FeEn
Zot:5 exclusion: 2 obsidian statues


Innate Abilities, Weirdness & Mutations

You cannot be hasted, slowed, berserked, paralysed or teleported.
You can dig through walls and to a lower floor.
You have a pair of large antennae on your head. (SInv)
Your four strong arms can wield two-handed weapons with a shield.
You have sharp fingernails.
Your system is resistant to poisons. (rPois)
Your muscles are strong. (Str +4, Int/Dex -1)


Message History

You block the Executioner's attack.
The Executioner hits you but does no damage.
You block the Executioner's attack. The Tzitzimitl gestures at you.
The bolt of negative energy hits you. You partially resist.
You feel drained. Barrenublo gestures at you. The bolt of lightning misses you.
The bolt of lightning hits the Executioner!
The Executioner resists.
You carve Barrenublo like a ham!!! You freeze Barrenublo!
You kill Barrenublo!
Dithmenos accepts your kill.
The Executioner disappears in a puff of smoke!
You block the Tzitzimitl's attack.
The Tzitzimitl bites you but does no damage.
Your life force feels restored.
You barely miss the Tzitzimitl.
The Tzitzimitl is moderately wounded.
Your shadow hits the Tzitzimitl with a triple sword!
You open the Tzitzimitl like a pillowcase!!!
You freeze the Tzitzimitl.
The Tzitzimitl is almost dead.
You block the Tzitzimitl's attack.
The Tzitzimitl bites you but does no damage.
You slash the Tzitzimitl! You freeze the Tzitzimitl.
The Tzitzimitl is almost dead.
Your shadow completely misses the Tzitzimitl.
The Tzitzimitl calls on the powers of darkness!
Your body is wracked with pain!
You emit a cloud of dark smoke.
You slash the Tzitzimitl!
You kill the Tzitzimitl!
Dithmenos accepts your kill.
(D) Dungeon (T) Temple (L) Lair (S) Swamp (N) Spider Nest (M) Slime Pits (O) Orcish Mines (E) Elven Halls (V) Vaults (C) Crypt (U) Depths (H) Hell (Z) Zot
Where to? (Tab/Enter - D:1 @ (x,y), ? - help)
There is a stone staircase leading up here.
You fly upwards.
Level annotation: 3 runed translucent doors, Tinttamiau's ghost, amateur TrDe
There is a stone staircase leading down here.
Things that are here:
a +0 hand axe; a +0 falchion; a +0 club
There is a stone staircase leading up, spattered with blood here.
You fly upwards.
There is a stone staircase leading down here.
Things that are here:
a +0 leather armour; a +0 flail
There is a stone staircase leading up here.
You are starting to lose your buoyancy.
You fly upwards.
Level annotation: 1 runed translucent door, 2 transporters
There is a stone staircase leading down here.
There is a stone staircase leading up here.
You float gracefully downwards.
Your enlightenment fades.
You sense a monster nearby.
You climb upwards.
Level annotation: 3 runed translucent doors, confidenceinterval's ghost, amateur HuWn
There is a stone staircase leading down here.
Unknown command.
(D) Dungeon (T) Temple (L) Lair (S) Swamp (N) Spider Nest (M) Slime Pits (O) Orcish Mines (E) Elven Halls (V) Vaults (C) Crypt (U) Depths (H) Hell (Z) Zot
Where to? (Tab/Enter - D:1 @ (x,y), ? - help)
You sense a monster nearby.
(D) Dungeon (T) Temple (L) Lair (S) Swamp (N) Spider Nest (M) Slime Pits (O) Orcish Mines (E) Elven Halls (V) Vaults (C) Crypt (U) Depths (H) Hell (Z) Zot
Where to? (Tab/Enter - D:1 @ (x,y), ? - help) HP restored.
There is a stone staircase leading up here.
There is a stone staircase leading up here.
You climb upwards.
There is a stone staircase leading down here.
There is a stone staircase leading up here.
You climb upwards.
There is a stone staircase leading down here.
You sense a monster nearby.
Unknown command.
A tormentor comes into view.
The tormentor roars!
There is an open door here.
The tormentor misses you. You block the tormentor's attack.
You barely miss the tormentor. The tormentor completely misses you.
The tormentor misses you.
You slice the tormentor!! You freeze the tormentor!
The tormentor is severely wounded.
Your shadow hits the tormentor but does no damage.
The tormentor completely misses you. You block the tormentor's attack.
You completely miss the tormentor.
The tormentor is severely wounded.
Your shadow hits the tormentor with a triple sword!!
You kill the tormentor!
Dithmenos accepts your kill.
No target in view!
There is a staircase leading out of the dungeon here.
You have escaped!

#....>## #.# ###.....#
##.##.#
#.#########.##### #.##.#
#...........### #.##.#
###########...# #.##.###
#.# ###.# #.##.#.### #.#
###.#.#
#.##.##..####'####..##.#
#.##.####..'[..'..####.#
#.##.# ####.@.#### #.#
#.##.####..'...'..####.#
#....##..####'####..##.#
###.##.### #.# ###.#.#
#...## #.# ##..# #####
### ####


There were no monsters in sight!

Vanquished Creatures
  2 dread liches
  6 ancient liches
  Mara (Vaults:3)
  5 orbs of fire
  A juggernaut (Depths:4)
  Josephina (Depths:2)
  Saint Roka (Vaults:5)
  A pandemonium lord (D:7)
  7 Killer Klowns (Zot:5)
  2 curse toes
  Margery (Depths:3)
  10 golden dragons
  5 caustic shrikes (Depths:4)
  Norris (Vaults:3)
  2 bone dragons
  Jory (Vaults:4)
  A Tzitzimitl (D:7)
  7 electric golems
  14 tentacled monstrosities
  A Hell Sentinel (D:13)
  A hellephant (Depths:3)
  6 liches
  30 Orb Guardians
  6 titans
  3 deep elf blademasters
  4 quicksilver dragons
  A deep elf master archer (Elf:3)
  10 sphinxes
  Asterion (Elf:1)
  3 death cobs
  Frances (D:13)
  9 shadow dragons
  9 tengu reavers
  11 storm dragons
  5 thorn hunters
  The ghost of Lotaimix the Messiah, an adept HOFi of Beogh (Spider:3)
  Aizul (Spider:2)
  Agnes (D:14)
  3 protean progenitors (Zot:2)
  A daeva (Depths:4)
  3 fenstrider witches
  6 draconian knights
  Donald (Swamp:2)
  6 draconian monks
  14 fire giants
  8 frost giants
  7 emperor scorpions
  14 vault wardens
  3 deep elf sorcerers
  2 draconian scorchers
  4 ghost moths
  A draconian stormcaller (Zot:1)
  A curse skull (Vaults:2)
  2 iron dragons
  5 orc warlords
  5 draconian shifters
  13 deep elf elementalists
  3 ironbound thunderhulks
  An angel (Depths:2)
  27 ironbound preservers
  2 formless jellyfish
  4 draconian annihilators
  3 broodmothers
  18 stone giants
  13 very ugly things
  6 eleionomae
  A deep elf death mage (Depths:3)
  3 dire elephants (Vaults:3)
  2 vampire knights
  6 deep elf demonologists
  10 green draconians
  5 black draconians
  10 deep elf annihilators
  11 red draconians
  4 white draconians
  4 purple draconians
  11 bunyips
  11 spark wasps
  A war gargoyle (Vaults:5)
  A minotaur (Gauntlet)
  8 ettins
  8 yellow draconians
  6 entropy weavers
  2 crystal guardians
  16 yaktaur captains
  2 great orbs of eyes
  6 fire dragons
  26 vault guards
  Erolcha (D:13)
  A jorogumo (Spider:4)
  5 ice dragons
  4 ghost crabs
  6 deep elf high priests
  2 shambling mangroves
  A hell beast (Depths:4)
  6 hydras
  3 peacekeepers
  2 spriggan air magi
  15 centaur warriors
  3 radroaches
  4 rakshasas
  2 catoblepae
  4 ogre magi
  12 alligators
  7 ironbound frosthearts
  30 dancing weapons
  13 two-headed ogres
  6 boulder beetles
  7 death scarabs (Spider:4)
  6 orc high priests
  4 deep troll earth magi
  3 deep troll shamans
  14 death yaks
  A spectral emperor scorpion (Spider:4)
  6 tengu warriors
  5 spriggan berserkers
  14 demonic crawlers
  Urug (D:13)
  Nergalle (Lair:1)
  9 hell knights
  A vampire mage (Depths:4)
  15 spriggans
  4 skysharks
  Amaemon (D:11)
  A death drake (Swamp:2)
  17 deep elf knights
  2 sixfirhies
  A titan skeleton (Vaults:3)
  A spectral bunyip (Swamp:4)
  7 iron trolls
  2 skysharks (shapeshifter)
  10 goliath frogs
  5 pharaoh ants
  5 spriggan druids
  66 deep trolls
  2 glowing orange brains (Depths:2)
  3 skeletal warriors (Depths:3)
  A mana viper (shapeshifter) (Vaults:4)
  6 orb spiders
  7 arcanists
  A sun moth (Spider:3)
  9 swamp dragons
  4 flayed ghosts
  2 spectral wolf spiders (Spider:4)
  Pikel (D:7)
  5 deep elf archers
  An orb spider (shapeshifter) (Depths:4)
  7 bog bodies
  A spectral alligator (Swamp:4)
  A lindwurm (shapeshifter) (Vaults:3)
  6 lindwurms
  24 deep elf zephyrmancers
  3 spectral hydras (Swamp:4)
  3 necromancers
  33 deep elf pyromancers
  5 phantasmal warriors
  23 ironbound convokers
  20 orc knights
  4 harpies (Vaults:5)
  An alligator zombie (Swamp:4)
  The ghost of chipmonk the Trooper, a novice MfFi of Wu Jian (D:9)
  7 steelbarb worms
  2 wolf spider zombies (Spider:4)
  A sphinx simulacrum (Depths:2)
  19 wolf spiders
  22 ugly things
  2 cyclopes
  A manticore (shapeshifter) (Depths:2)
  9 orc sorcerers
  5 will-o-the-wisps
  8 meliai
  26 moths of wrath
  A human skeleton (Vaults:3)
  A guardian serpent (Lair:5)
  A rust devil (Zot:5)
  10 black mambas
  Joseph (D:9)
  15 cane toads
  20 vault sentinels
  An orange demon (D:11)
  3 gargoyles
  3 torpor snails
  4 swamp worm zombies (Swamp:4)
  An efreet (D:15)
  2 spectral redbacks (Spider:4)
  5 redback zombies (Spider:4)
  28 yaktaurs
  9 rime drakes
  2 freezing wraiths
  2 ice devils (Lair:4)
  A tormentor (D:1)
  10 komodo dragons
  2 tengu conjurers
  5 trolls
  15 tyrant leeches
  A troll (shapeshifter) (Elf:1)
  A bloated husk (Swamp:4)
  4 hydra zombies (Swamp:4)
  A polar bear (Lair:4)
  A queen bee (D:8)
  24 hornets
  4 dream sheep (Lair:5)
  3 spectral tarantellas (Spider:4)
  An elf zombie (Vaults:3)
  2 spectral jumping spiders (Spider:4)
  A culicivora zombie (Spider:4)
  2 spectral culicivoras (Spider:4)
  30 blink frogs
  A glass eye (shapeshifter) (Vaults:5)
  16 tarantellas
  39 slime creatures
  3 spectral swamp dragons (Swamp:4)
  21 culicivoras
  2 air elementals
  17 jumping spiders
  3 wraiths
  2 shadows
  25 yaks
  A yak (shapeshifter) (D:15)
  14 fire bats
  4 water elementals
  3 vampires
  A warg (Orc:2)
  8 basilisks
  4 steam dragons
  A fire elemental (Elf:2)
  20 wyverns
  3 tyrant leech zombies (Swamp:4)
  A death yak simulacrum (Lair:4)
  78 redbacks
  22 vampire mosquitoes
  A chaos spawn (Zot:5)
  A swamp worm (shapeshifter) (Vaults:5)
  20 swamp worms
  4 acid dragons
  20 water moccasins
  7 swamp drakes
  25 orc warriors
  3 ice beasts
  3 laughing skulls
  A sky beast (D:5)
  8 black bears
  16 centaurs
  11 ogres
  An ogre (shapeshifter) (D:14)
  6 boggarts
  3 swamp dragon zombies (Swamp:4)
  14 wolves
  12 phantoms
  2 lemures (D:7)
  3 kobold brigands
  11 bullfrogs
  An earth elemental (Elf:3)
  A gnoll sergeant (D:6)
  2 scorpions
  4 wights (D:8)
  15 killer bees
  4 howler monkeys
  5 electric eels (Elf:3)
  A bombardier beetle (D:4)
  4 hounds
  4 jellies
  43 orc priests
  A gnoll bouda (D:8)
  3 sleepcaps
  5 iguanas
  Natasha (thrice) (D:3)
  32 orc wizards
  12 hell rats (Lair:4)
  A polar bear simulacrum (Lair:4)
  A spriggan simulacrum (Lair:4)
  10 gnolls
  5 adders
  2 shadow imps
  3 white imps (D:6)
  2 dart slugs
  3 ribbon worms
  69 orcs
  8 ball pythons
  5 endoplasms
  3 giant cockroaches
  5 goblins
  6 hobgoblins
  7 jackals
  5 quokkas
  7 bats
  2 frilled lizards
  A jackal zombie (D:4)
  22 kobolds
  6 rats
2106 creatures vanquished.

Vanquished Creatures (collateral kills)
  Tiamat (Zot:1)
  3 tentacled monstrosities
  A shadow dragon (Zot:4)
  A storm dragon (Zot:4)
  A draconian shifter (Zot:1)
  A vault warden (Vaults:3)
  A draconian scorcher (Zot:4)
  A draconian stormcaller (Zot:1)
  A green draconian (Zot:4)
  2 red draconians (Zot:1)
  2 black draconians (Zot:1)
  A bunyip (Swamp:1)
  3 white draconians (Zot:1)
  A yaktaur captain (Vaults:3)
  A sphinx simulacrum (Depths:2)
  A moth of wrath (Zot:4)
  A vampire mosquito (Swamp:1)
  A swamp worm (Swamp:1)
24 creatures vanquished.

Vanquished Creatures (others)
  3 death cobs
  A shadow dragon (Vaults:5)
  A draconian monk (Zot:4)
  A draconian knight (Zot:4)
  A draconian annihilator (Zot:1)
  A draconian stormcaller (Zot:5)
  A black draconian (Zot:1)
  A red draconian (Zot:1)
  A yellow draconian (Zot:1)
  A deep troll (Vaults:1)
  An ironbound convoker (Vaults:1)
  A shining eye (shapeshifter) (Depths:4)
  A titan simulacrum (Depths:2)
  4 bloated husks
  A frost giant simulacrum (Depths:2)
  3 slime creatures
  A spriggan (Swamp:1)
  A vampire mosquito (Swamp:1)
  A swamp drake (Swamp:2)
  A human simulacrum (Depths:2)
  An orc (Vaults:5)
  13 foxfires
  20 spectral weapons
61 creatures vanquished.

Grand Total: 2191 creatures vanquished

Notes
Turn   | Place    | Note
-------+----------+-------------------------------------------
     0 | D:1      | EnegeticOcto the Formicid Shapeshifter began the quest for
                  | the Orb.
     0 | D:1      | Reached XP level 1. HP: 15/15 MP: 1/1
   132 | D:1      | Reached skill level 2 in Fighting
   145 | D:1      | Reached XP level 2. HP: 15/22 MP: 2/2
   434 | D:1      | Reached skill level 3 in Fighting
   434 | D:1      | Reached XP level 3. HP: 29/29 MP: 3/3
  1090 | D:2      | Identified the +2 great sword "Daethav" {heavy, *Noise
                  | rCorr Int+2 Dex+2}
  1450 | D:2      | Reached skill level 1 in Long Blades
  1450 | D:2      | Reached XP level 4. HP: 34/36 MP: 4/4
  2097 | D:3      | Noticed an ogre
  2106 | D:3      | Killed an ogre
  2107 | D:3      | Reached skill level 4 in Fighting
  2107 | D:3      | Reached skill level 2 in Long Blades
  2107 | D:3      | Reached XP level 5. HP: 11/42 MP: 5/5
  2109 | D:3      | Reached skill level 3 in Long Blades
  2221 | D:3      | Found an iron altar of Okawaru.
  2228 | D:3      | Noticed Natasha
  2236 | D:3      | Killed Natasha
  2237 | D:3      | Reached XP level 6. HP: 39/49 MP: 6/6
  2319 | D:3      | Noticed Natasha
  2328 | D:3      | Killed Natasha
  2369 | D:3      | Noticed Natasha
  2382 | D:3      | Killed Natasha
  2527 | D:3      | Found a runed translucent gate.
  2527 | D:3      | Found a runed translucent gate.
  2527 | D:3      | Found a runed translucent gate.
  2531 | D:3      | Noticed confidenceinterval's ghost (amateur HuWn)
  2881 | D:4      | Reached skill level 4 in Long Blades
  2892 | D:4      | Found a glowing silver altar of Zin.
  2963 | D:4      | Reached skill level 1 in Armour
  3071 | D:4      | Identified the +7 short sword "Dizas" {drain, Int+4}
  3166 | D:4      | Found a runed translucent door.
  3166 | D:4      | Noticed a human
  3169 | D:4      | Found a basalt altar of Yredelemnul.
  3308 | D:4      | Found a transporter.
  3363 | D:4      | Found a transporter.
  3490 | D:5      | Entered Level 5 of the Dungeon
  3494 | D:5      | Reached XP level 7. HP: 55/55 MP: 7/7
  3516 | D:5      | Reached skill level 2 in Armour
  3691 | D:5      | Reached skill level 5 in Long Blades
  3989 | D:5      | Reached skill level 3 in Armour
  4003 | D:5      | Reached skill level 6 in Long Blades
  4003 | D:5      | Reached XP level 8. HP: 56/61 MP: 8/8
  4167 | D:5      | Found a shimmering blue altar of Sif Muna.
  4697 | D:6      | Found a runed translucent gate.
  4697 | D:6      | Found a runed translucent gate.
  4697 | D:6      | Found a runed translucent gate.
  4907 | D:6      | Reached skill level 7 in Long Blades
  4907 | D:6      | Reached skill level 4 in Armour
  5167 | D:5      | Reached skill level 8 in Long Blades
  5207 | D:6      | Reached XP level 9. HP: 41/66 MP: 9/9
  5367 | D:6      | Found a sacrificial altar of Ru.
  5452 | D:6      | Reached skill level 9 in Long Blades
  5677 | D:6      | Noticed Tinttamiau's ghost (amateur TrDe)
  6023 | D:7      | Reached skill level 10 in Long Blades
  6456 | D:7      | Found a staircase to the Ecumenical Temple.
  6464 | D:7      | Reached skill level 11 in Long Blades
  6488 | Temple   | Entered the Ecumenical Temple
  6507 | Temple   | Became a worshipper of Dithmenos the Shadowed
  6923 | D:8      | Found a shimmering altar of Xom.
  7117 | D:8      | Reached skill level 5 in Fighting
  7117 | D:8      | Reached skill level 1 in Evocations
  7117 | D:8      | Reached XP level 10. HP: 26/74 MP: 10/10
  7313 | D:8      | Noticed Pikel
  7472 | D:7      | Killed Pikel
  7473 | D:7      | Reached skill level 2 in Evocations
  7515 | D:8      | Reached skill level 12 in Long Blades
  7522 | D:8      | Reached skill level 3 in Evocations
  7704 | D:8      | Reached skill level 6 in Fighting
  7711 | D:8      | Reached * piety under Dithmenos
  7942 | D:8      | Reached skill level 4 in Evocations
  8076 | D:8      | Found a stormy altar of Qazlal.
  8124 | D:8      | Found a burning altar of Makhleb.
  8458 | D:9      | Reached ** piety under Dithmenos
  8596 | D:9      | Reached skill level 7 in Fighting
  8604 | D:9      | Reached XP level 11. HP: 83/84 MP: 11/11
  8629 | D:9      | Reached skill level 13 in Long Blades
  8799 | D:9      | Noticed Joseph
  8813 | D:9      | Killed Joseph
  8828 | D:9      | Found a runed translucent door.
  8828 | D:9      | Found a shimmering altar of Xom.
  8828 | D:9      | Noticed chipmonk's ghost (novice MfFi)
  8828 | D:9      | Noticed a +3 mace of chaos
  9126 | D:10     | Entered Level 10 of the Dungeon
  9155 | D:10     | Identified the +4 falchion of Yxiuwa {flame, rElec Will-
                  | Int+4 Stlth+}
  9207 | D:10     | Reached skill level 8 in Fighting
  9228 | D:10     | Reached skill level 14 in Long Blades
  9250 | D:10     | Noticed a two-headed ogre
  9261 | D:10     | Killed a two-headed ogre
  9283 | D:10     | Found a portal to a secret trove of treasure.
  9524 | D:10     | Found an ornate altar of the Wu Jian Council.
  9571 | D:10     | Identified 2 scrolls of acquirement
  9655 | D:10     | You paid a toll of 2 scrolls of acquirement to enter a
                  | treasure trove
  9656 | Trove    | Entered a treasure trove
  9660 | Trove    | Found the +3 warlock's mirror {omnireflect}
  9665 | Trove    | Identified the +1 pair of gloves of the Other World {Str+5
                  | Stlth+}
  9669 | Trove    | Identified the +0 robe "Uplola Nuty" {rPois}
  9671 | Trove    | Identified the +7 chain mail of the Wereyak {rElec Dex+3}
  9673 | Trove    | Identified the +0 pair of gloves of Oniejuun {rPois rF-
                  | rC+++ Will-}
  9678 | Trove    | Identified the +5 chain mail of Broken Taboos {rElec rF+}
  9883 | D:10     | Noticed a two-headed ogre
  9895 | D:10     | Killed a two-headed ogre
  9896 | D:10     | Reached skill level 1 in Shields
 10128 | D:10     | Reached skill level 2 in Shields
 10215 | D:11     | Noticed a two-headed ogre
 10412 | D:11     | Noticed a cyclops
 10423 | D:11     | Killed a cyclops
 10484 | D:11     | Noticed a two-headed ogre
 10499 | D:11     | Killed a two-headed ogre
 10500 | D:11     | Reached skill level 3 in Shields
 10534 | D:11     | Killed a two-headed ogre
 10535 | D:11     | Reached skill level 5 in Armour
 10535 | D:11     | Reached XP level 12. HP: 64/94 MP: 12/12
 10538 | D:11     | Reached *** piety under Dithmenos
 10600 | D:11     | Found a staircase to the Lair.
 10631 | D:11     | Reached skill level 4 in Shields
 10745 | D:11     | Reached skill level 15 in Long Blades
 10812 | D:11     | Noticed Amaemon
 10825 | D:11     | Killed Amaemon
 10834 | D:11     | Reached skill level 9 in Fighting
 11236 | Lair:1   | Entered Level 1 of the Lair of Beasts
 11281 | Lair:1   | Reached skill level 5 in Shields
 11302 | Lair:1   | Reached skill level 6 in Armour
 11423 | Lair:1   | Noticed a catoblepas
 11456 | Lair:1   | Killed a catoblepas
 11589 | Lair:1   | Reached skill level 6 in Shields
 11696 | Lair:1   | Noticed Nergalle
 11718 | Lair:1   | Noticed a boulder beetle
 11779 | Lair:1   | Killed Nergalle
 11794 | Lair:1   | Killed a boulder beetle
 11795 | Lair:1   | Reached skill level 10 in Fighting
 11948 | Lair:1   | Reached skill level 16 in Long Blades
 12303 | Lair:2   | Reached skill level 7 in Shields
 12303 | Lair:2   | Reached XP level 13. HP: 89/103 MP: 13/13
 12312 | Lair:2   | Reached **** piety under Dithmenos
 12445 | Lair:2   | Identified the +2 long sword of Loel {holy, *Rage rElec rF+
                  | Str+4}
 12501 | Lair:2   | Found a gate leading to a gauntlet.
 12581 | Gauntlet | Entered a Gauntlet
 12581 | Gauntlet | Found a transporter.
 12586 | Gauntlet | Found a transporter.
 12590 | Gauntlet | Found a transporter.
 12601 | Gauntlet | Found a transporter.
 12602 | Gauntlet | Found a transporter.
 12606 | Gauntlet | Found a runed translucent door.
 12608 | Gauntlet | Found a runed translucent door.
 12610 | Gauntlet | Found a transporter.
 12614 | Gauntlet | Found a transporter.
 12622 | Gauntlet | Found a transporter.
 12626 | Gauntlet | Found a transporter.
 12634 | Gauntlet | Found a transporter.
 12655 | Gauntlet | Found a transporter.
 12667 | Gauntlet | Found a transporter.
 12680 | Gauntlet | Found a transporter.
 12693 | Gauntlet | Found a transporter.
 12873 | Gauntlet | Reached skill level 1 in Invocations
 13246 | Gauntlet | Noticed a minotaur
 13252 | Gauntlet | Killed a minotaur
 13253 | Gauntlet | Reached skill level 8 in Shields
 13367 | Gauntlet | Got the Catalogue of the Jinx
 13417 | Lair:2   | Reached skill level 2 in Invocations
 13466 | Lair:2   | Found a staircase to the Swamp.
 13712 | Lair:2   | Found a hole to the Spider Nest.
 13793 | Lair:2   | Reached skill level 3 in Invocations
 14043 | Lair:2   | Reached skill level 11 in Fighting
 14043 | Lair:2   | Reached skill level 1 in Stealth
 14224 | Lair:2   | Reached skill level 17 in Long Blades
 14268 | Lair:2   | Reached skill level 9 in Shields
 14328 | Lair:3   | Reached skill level 2 in Stealth
 14415 | Lair:2   | Reached skill level 4 in Invocations
 14501 | Lair:2   | Reached XP level 14. HP: 105/113 MP: 17/17
 14670 | Lair:3   | Reached skill level 3 in Stealth
 14678 | Lair:3   | Reached ***** piety under Dithmenos
 14769 | Lair:3   | Found a dark tunnel.
 14773 | Volcano  | Entered a volcano
 14932 | Volcano  | Reached skill level 7 in Armour
 14984 | Volcano  | Reached skill level 5 in Invocations
 15006 | Volcano  | Reached skill level 4 in Stealth
 15744 | Lair:4   | Reached skill level 10 in Shields
 16022 | Lair:4   | Reached skill level 6 in Invocations
 16385 | Lair:4   | Reached skill level 12 in Fighting
 16486 | Lair:4   | Reached skill level 8 in Armour
 16502 | Lair:4   | Reached skill level 18 in Long Blades
 16603 | Lair:4   | Found a viscous altar of Jiyva.
 16604 | Lair:4   | Found a staircase to the Slime Pits.
 17195 | Lair:5   | Entered Level 5 of the Lair of Beasts
 17264 | Lair:5   | Reached skill level 7 in Invocations
 17273 | Lair:5   | Reached XP level 15. HP: 100/118 MP: 20/20
 17665 | Lair:5   | Identified the +0 pair of boots of Qazlal's Delight {rElec
                  | rN+ Str-2 Dex+2}
 17719 | Lair:5   | Reached skill level 9 in Armour
 17825 | Lair:5   | Reached skill level 8 in Invocations
 17977 | Lair:5   | Reached ****** piety under Dithmenos
 18713 | D:12     | Found Garecap's Weapon Boutique.
 18724 | D:12     | Identified the ring "Poryd" {+Blink rC+ Str+3}
 18769 | D:12     | Reached skill level 2 in Dodging
 18942 | D:12     | Found a staircase to the Orcish Mines.
 18967 | D:12     | Reached skill level 19 in Long Blades
 19297 | Orc:1    | Entered Level 1 of the Orcish Mines
 19301 | Orc:1    | Found a burning altar of Makhleb.
 19567 | Orc:1    | Found a bloodstained altar of Trog.
 19659 | Orc:1    | Found Paedoll's Jewellery Shop.
 19692 | Orc:2    | Entered Level 2 of the Orcish Mines
 20249 | Orc:2    | Reached skill level 5 in Stealth
 20273 | Orc:2    | Found Xatiovoh's Jewellery Emporium.
 20273 | Orc:2    | Found Vabolis's Antique Weapon Shoppe.
 20274 | Orc:2    | Found Ungoahag's Weapon Shoppe.
 20278 | Orc:2    | Found Teskum's Assorted Antiques.
 20312 | Orc:2    | Bought a potion of heal wounds for 140 gold pieces
 20312 | Orc:2    | Bought a lumpy dark potion for 25 gold pieces
 20707 | Orc:2    | Found a staircase to the Elven Halls.
 20714 | Orc:2    | Reached skill level 9 in Invocations
 21064 | D:13     | Noticed Erolcha
 21072 | D:13     | Reached XP level 16. HP: 98/125 MP: 22/22
 21075 | D:13     | Killed Erolcha
 21130 | D:13     | Reached skill level 3 in Dodging
 21130 | D:13     | Reached skill level 5 in Evocations
 21139 | D:13     | Noticed Frances
 21268 | D:13     | Killed Frances
 21285 | D:13     | Noticed Urug
 21294 | D:13     | Killed Urug
 21342 | D:13     | Found a gate to the Vaults.
 21364 | D:13     | Reached skill level 10 in Armour
 21548 | D:13     | Identified the +7 flail of Descent {spect, Will+ Int+4
                  | Dex-2}
 21866 | D:14     | Noticed Agnes
 21875 | D:14     | Killed Agnes
 22391 | D:15     | Entered Level 15 of the Dungeon
 22485 | D:15     | Identified the +1 short sword of the Bouncing Beasts
                  | {freeze, Int+3}
 22568 | D:15     | Reached skill level 6 in Stealth
 22903 | D:14     | Reached skill level 11 in Shields
 23108 | D:15     | Got the Dissertation on Puissant Transmogrification
 23271 | D:15     | Identified the +8 halberd "Ytaots" {antimagic, Stlth+}
 23273 | D:15     | Identified the staff "Uchu" {*Corrode rPois Dex-5 SInv
                  | Earth Alchemy}
 23478 | D:15     | Found a staircase to the Depths.
 23716 | D:15     | Found a staircase to the Depths.
 24472 | Swamp:1  | Entered Level 1 of the Swamp
 24646 | Orc:2    | Bought a ring of poison resistance for 280 gold pieces
 24868 | Lair:2   | Reached skill level 4 in Dodging
 24946 | Swamp:1  | Reached skill level 6 in Evocations
 25465 | D:9      | Killed chipmonk's ghost
 25596 | Swamp:2  | Reached skill level 7 in Stealth
 25687 | Swamp:2  | Reached XP level 17. HP: 130/135 MP: 24/24
 25689 | Swamp:2  | Reached skill level 10 in Invocations
 25703 | Swamp:2  | Reached skill level 13 in Fighting
 25820 | Swamp:2  | Noticed a thorn hunter
 25829 | Swamp:2  | Killed a thorn hunter
 25877 | Swamp:2  | Noticed a thorn hunter
 25892 | Swamp:2  | Killed a thorn hunter
 26352 | Swamp:2  | Noticed a thorn hunter
 26534 | Swamp:2  | Noticed a thorn hunter
 26548 | Swamp:2  | Killed a thorn hunter
 26549 | Swamp:2  | Reached skill level 20 in Long Blades
 26802 | Swamp:2  | Noticed Donald
 27071 | Swamp:2  | Reached skill level 5 in Dodging
 27071 | Swamp:2  | Reached skill level 7 in Evocations
 27239 | Swamp:2  | Reached skill level 11 in Armour
 27457 | Swamp:2  | Reached skill level 8 in Stealth
 27457 | Swamp:2  | Reached skill level 12 in Shields
 27511 | Swamp:2  | Killed a thorn hunter
 27750 | Swamp:2  | Killed Donald
 29380 | Swamp:3  | Reached XP level 18. HP: 143/144 MP: 26/26
 29835 | Swamp:4  | Entered Level 4 of the Swamp
 29892 | Swamp:4  | Reached skill level 11 in Invocations
 29922 | Swamp:4  | Reached skill level 9 in Stealth
 31015 | Swamp:4  | Identified the +0 chain mail "Mopodap" {Harm rCorr Slay+2}
 31030 | Swamp:4  | Reached skill level 6 in Dodging
 31030 | Swamp:4  | Reached skill level 8 in Evocations
 31438 | Swamp:4  | Noticed a bone dragon
 31505 | Swamp:4  | Killed a bone dragon
 31628 | Swamp:4  | Reached skill level 13 in Shields
 31694 | Swamp:4  | Got a decaying rune of Zot
 31849 | Spider:1 | Entered Level 1 of the Spider Nest
 31914 | Spider:1 | Reached skill level 14 in Fighting
 32395 | Spider:1 | Reached skill level 12 in Armour
 32911 | Spider:2 | Identified the +7 war axe "Hikoeff" {freeze, Dex+6}
 33015 | Spider:2 | Reached skill level 10 in Stealth
 33248 | Spider:2 | Identified the serpent talisman "Pyangi Yloag" {rCorr}
 33248 | Spider:2 | Noticed Aizul
 33250 | Spider:2 | Reached XP level 19. HP: 152/152 MP: 27/27
 33275 | Spider:2 | Killed Aizul
 33846 | Spider:2 | Reached skill level 7 in Dodging
 33846 | Spider:2 | Reached skill level 9 in Evocations
 34040 | Spider:2 | Reached skill level 12 in Invocations
 34851 | Spider:3 | Found a transporter.
 36028 | Spider:3 | Noticed Lotaimix's ghost (adept HOFi)
 36038 | Spider:3 | Found a transporter.
 36136 | Spider:3 | Killed Lotaimix's ghost
 36212 | Spider:3 | Identified the amulet "Nuhor" {Spirit Str+4}
 36248 | Spider:4 | Entered Level 4 of the Spider Nest
 36257 | Spider:4 | Reached skill level 11 in Stealth
 36440 | Spider:4 | Reached skill level 14 in Shields
 37167 | Spider:4 | Reached skill level 21 in Long Blades
 37612 | Elf:1    | Entered Level 1 of the Elven Halls
 37787 | Elf:1    | Reached XP level 20. HP: 143/160 MP: 29/29
 37984 | Elf:1    | Found a huge runed translucent gate.
 37985 | Elf:1    | Found a huge runed translucent gate.
 37986 | Elf:1    | Found a huge runed translucent gate.
 37986 | Elf:1    | Found a huge runed translucent gate.
 37987 | Elf:1    | Found a huge runed translucent gate.
 37988 | Elf:1    | Found a huge runed translucent gate.
 37988 | Elf:1    | Found a huge runed translucent gate.
 37988 | Elf:1    | Found a huge runed translucent gate.
 37988 | Elf:1    | Found a huge runed translucent gate.
 37988 | Elf:1    | Found a huge runed translucent gate.
 37989 | Elf:1    | Found a huge runed translucent gate.
 37989 | Elf:1    | Found a huge runed translucent gate.
 37989 | Elf:1    | Found a huge runed translucent gate.
 37989 | Elf:1    | Found a huge runed translucent gate.
 37989 | Elf:1    | Found a huge runed translucent gate.
 37989 | Elf:1    | Found a huge runed translucent gate.
 37989 | Elf:1    | Found a huge runed translucent gate.
 37989 | Elf:1    | Found a huge runed translucent gate.
 37991 | Elf:1    | Found a huge runed translucent gate.
 37991 | Elf:1    | Found a huge runed translucent gate.
 38024 | Elf:1    | Noticed Asterion
 38047 | Elf:1    | Killed Asterion
 38399 | Elf:1    | Reached skill level 13 in Armour
 38714 | Elf:1    | Found a runed translucent door.
 38718 | Elf:1    | Noticed Prykner's ghost (adept DrEE)
 39236 | Elf:2    | Reached skill level 10 in Evocations
 39243 | Elf:2    | Reached skill level 15 in Fighting
 39245 | Elf:2    | Reached skill level 8 in Dodging
 39278 | Elf:2    | Found a magical portal.
 39297 | Elf:2    | Identified the ring "Reegaf" {+Blink Fly rCorr Str+4}
 39365 | WizLab   | Entered Wucad Mu's Monastery
 39652 | Elf:2    | Noticed Roxanne
 39802 | Elf:2    | Found a runed translucent gate.
 39802 | Elf:2    | Found a runed translucent gate.
 39803 | Elf:2    | Found a runed translucent gate.
 40510 | Elf:2    | Reached skill level 13 in Invocations
 41039 | Elf:2    | Reached skill level 12 in Stealth
 41597 | Elf:3    | Entered Level 3 of the Elven Halls
 41798 | Elf:3    | Found a runed translucent gate.
 41798 | Elf:3    | Found a runed translucent gate.
 41798 | Elf:3    | Found a runed translucent gate.
 41798 | Elf:3    | Noticed Jannitor's ghost (adept AtCj)
 41801 | Elf:3    | Found a viscous altar of Jiyva.
 43624 | Elf:3    | Reached skill level 15 in Shields
 43645 | Elf:3    | Reached XP level 21. HP: 100/169 MP: 31/31
 44051 | Elf:3    | Identified the +9 long sword of Casassah {drain, Will+
                  | Stlth+}
 45028 | Elf:3    | Got Oriestrib's Incunabulum of Unstable Guile
 46078 | Elf:3    | Learned a level 4 spell: Manifold Assault
 46083 | Elf:3    | Learned a level 4 spell: Passage of Golubria
 46254 | Vaults:1 | Entered Level 1 of the Vaults
 46322 | Vaults:1 | Reached skill level 9 in Dodging
 46322 | Vaults:1 | Reached skill level 11 in Evocations
 46408 | Vaults:1 | Reached skill level 1 in Translocations
 46453 | Vaults:1 | Reached skill level 14 in Armour
 46453 | Vaults:1 | Reached skill level 14 in Invocations
 46465 | Vaults:1 | Reached skill level 2 in Translocations
 46797 | Vaults:1 | Reached skill level 16 in Fighting
 47129 | Vaults:1 | Reached skill level 3 in Translocations
 47703 | Vaults:2 | Found a staircase to the Crypt.
 47925 | Vaults:2 | Reached XP level 22. HP: 174/178 MP: 32/32
 48190 | Vaults:2 | Reached skill level 4 in Translocations
 48289 | Vaults:2 | Reached skill level 10 in Dodging
 49098 | Vaults:2 | Identified the ring "Ykloxall" {rF+ rC+ Str+4}
 49104 | Vaults:2 | Identified the ring "Poug" {^Contam rN++ Int+6}
 49234 | Vaults:3 | Reached skill level 22 in Long Blades
 49371 | Vaults:3 | Reached skill level 5 in Translocations
 49405 | Vaults:3 | Reached skill level 15 in Armour
 50340 | Vaults:3 | Noticed Mara
 50506 | Vaults:3 | Noticed EnegeticOcto's illusion
 50508 | Vaults:3 | Killed Mara
 50570 | Vaults:3 | Noticed Norris
 50586 | Vaults:3 | Killed Norris
 50587 | Vaults:3 | Reached skill level 17 in Fighting
 50747 | Vaults:3 | Reached skill level 6 in Translocations
 50983 | Vaults:4 | Reached XP level 23. HP: 187/187 MP: 33/33
 51012 | Vaults:4 | Reached skill level 11 in Dodging
 51081 | Vaults:4 | Noticed Jory
 51091 | Vaults:4 | Killed Jory
 51151 | Vaults:4 | Found Bothrij's Weapon Shop.
 51158 | Vaults:4 | Bought the +9 sword of Power {lifebolt} for 1120 gold
                  | pieces
 51158 | Vaults:4 | Found the +9 sword of Power {lifebolt}
 52058 | Vaults:4 | Reached skill level 7 in Translocations
 52307 | Depths:1 | Entered Level 1 of the Depths
 52358 | Depths:1 | Reached skill level 16 in Armour
 52420 | Depths:1 | Found a one-way gate leading to the halls of Pandemonium.
 52528 | Depths:1 | Found Vyan's Weapon Emporium.
 52741 | Depths:1 | Found a gateway to Hell.
 52839 | Depths:1 | Found a one-way gateway to a ziggurat.
 53038 | Depths:1 | Found a blossoming altar of Fedhas.
 53770 | Depths:2 | Identified the ring "Duuj Yge" {Ice ^Drain +Blink rPois
                  | Dex+3}
 53770 | Depths:2 | Noticed Josephina
 53882 | Depths:2 | Killed Josephina
 54076 | Depths:2 | Reached skill level 18 in Fighting
 54080 | Depths:2 | Identified the ring of Holab {rN+ EV+5 Str+2 Int-4 Dex+2}
 54094 | Depths:2 | Reached skill level 8 in Translocations
 54377 | Depths:2 | Reached skill level 12 in Dodging
 54377 | Depths:2 | Reached XP level 24. HP: 176/197 MP: 33/33
 54843 | Depths:2 | Noticed a golden dragon
 54853 | Depths:2 | Killed a golden dragon
 55227 | Depths:2 | Identified the +6 sling of Wouqilag {flame, ^Drain rElec
                  | rCorr Int+4}
 55314 | Depths:2 | Noticed a golden dragon
 55351 | Depths:2 | Killed a golden dragon
 56065 | Depths:3 | Noticed Margery
 56080 | Depths:3 | Killed Margery
 56081 | Depths:3 | Reached skill level 23 in Long Blades
 56557 | Depths:3 | Reached skill level 17 in Armour
 56623 | Depths:3 | Found a one-way gate to the infinite horrors of the Abyss.
 56817 | Depths:3 | Found Sexesyuk's Antique Weapon Emporium.
 56822 | Depths:3 | Found Veutuj's Weapon Shoppe.
 57473 | Depths:4 | Entered Level 4 of the Depths
 57966 | Depths:4 | Noticed a golden dragon
 57981 | Depths:4 | Killed a golden dragon
 58013 | Depths:4 | Found a gate to the Realm of Zot.
 58229 | Depths:4 | Noticed a caustic shrike
 58229 | Depths:4 | Noticed a caustic shrike
 58229 | Depths:4 | Noticed a caustic shrike
 58229 | Depths:4 | Noticed a caustic shrike
 58229 | Depths:4 | Noticed a caustic shrike
 58236 | Depths:4 | Killed a caustic shrike
 58242 | Depths:4 | Killed a caustic shrike
 58243 | Depths:4 | Reached skill level 13 in Dodging
 58248 | Depths:4 | Killed a caustic shrike
 58256 | Depths:4 | Killed a caustic shrike
 58262 | Depths:4 | Killed a caustic shrike
 58357 | Depths:4 | Reached skill level 19 in Fighting
 58366 | Depths:4 | Noticed a juggernaut
 58367 | Depths:4 | Found a glowing golden altar of the Shining One.
 58382 | Depths:4 | Reached XP level 25. HP: 181/207 MP: 33/33
 58386 | Depths:4 | Killed a juggernaut
 58445 | Depths:4 | Found a runed translucent door.
 59021 | Vaults:5 | Entered Level 5 of the Vaults
 59274 | Vaults:5 | Reached skill level 18 in Armour
 59274 | Vaults:5 | Noticed a dread lich
 59283 | Vaults:5 | Killed a dread lich
 59453 | Vaults:5 | Identified the +5 ring mail "Timun" {Dex+3}
 59467 | Vaults:5 | Got Bomn's Dissertation on the Congregated Mesa
 59733 | Vaults:5 | Identified the +7 falchion of the Distant Future {heavy,
                  | rN+}
 59852 | Vaults:5 | Noticed an ancient lich
 59858 | Vaults:5 | Killed an ancient lich
 59858 | Vaults:5 | Identified the +10 lajatang of a Hundred Xenops {spect,
                  | rCorr Int+3}
 59859 | Vaults:5 | Reached skill level 14 in Dodging
 59964 | Vaults:5 | Got a silver rune of Zot
 60191 | Vaults:5 | Reached skill level 24 in Long Blades
 60435 | Vaults:5 | Reached skill level 20 in Fighting
 60452 | Vaults:5 | Noticed an ancient lich
 60465 | Vaults:5 | Killed an ancient lich
 60471 | Vaults:5 | Reached XP level 26. HP: 155/218 MP: 33/33
 60644 | Vaults:5 | Reached skill level 19 in Armour
 60725 | Vaults:5 | Identified the ring "Adiuf" {rN++ Int-2 Dex+3 SInv}
 60983 | Vaults:5 | Reached skill level 15 in Dodging
 61199 | Vaults:5 | Found the -2 hat of the Alchemist {rElec rPois rF+ rC+ rN+
                  | Will+ rMut rCorr}
 61205 | Vaults:5 | Identified the +1 dagger "Giujuu" {drain, rPois Int+3 SInv}
 61496 | Vaults:5 | Noticed Saint Roka
 61517 | Vaults:5 | Killed Saint Roka
 61618 | Vaults:5 | Got the Meditations on Conjuration and the Welkin
 62600 | Spider:4 | Reached skill level 20 in Armour
 62772 | Spider:4 | Got a gossamer rune of Zot
 63276 | Zot:1    | Entered Level 1 of the Realm of Zot
 63321 | Zot:1    | Found the +4 dragonskin cloak
 63321 | Zot:1    | Noticed Tiamat
 63408 | Zot:1    | Killed Tiamat
 63410 | Zot:1    | Reached skill level 16 in Dodging
 63718 | Zot:1    | Noticed a curse toe
 63730 | Zot:1    | Killed a curse toe
 63895 | Zot:1    | Found a large runed translucent door.
 63895 | Zot:1    | Found a large runed translucent door.
 63904 | Zot:1    | Noticed Decrayps's ghost (veteran FeEn)
 63961 | Zot:1    | Reached XP level 27. HP: 220/226 MP: 33/33
 64557 | Zot:2    | Reached skill level 21 in Fighting
 64598 | Zot:2    | Reached skill level 21 in Armour
 64759 | Zot:2    | Noticed an orb of fire
 64767 | Zot:2    | Killed an orb of fire
 65558 | Zot:4    | Reached skill level 17 in Dodging
 66104 | Zot:4    | Identified the +5 sling of the Crafting Gods {antimagic,
                  | rC+ Dex+5}
 66247 | Zot:5    | Entered Level 5 of the Realm of Zot
 66248 | Zot:5    | Noticed a dread lich
 66751 | Zot:5    | Reached skill level 22 in Fighting
 67049 | Zot:5    | Reached skill level 22 in Armour
 67684 | Zot:5    | Noticed an ancient lich
 67696 | Zot:5    | Killed an ancient lich
 67739 | Zot:5    | Noticed a Killer Klown
 67752 | Zot:5    | Killed a Killer Klown
 67755 | Zot:5    | Noticed an ancient lich
 67761 | Zot:5    | Killed an ancient lich
 67797 | Zot:5    | Killed a dread lich
 68092 | Zot:5    | Noticed an ancient lich
 68103 | Zot:5    | Killed an ancient lich
 68205 | Zot:5    | Noticed a Killer Klown
 68219 | Zot:5    | Killed a Killer Klown
 68421 | Zot:5    | Noticed a Killer Klown
 68444 | Zot:5    | Killed a Killer Klown
 68566 | Zot:5    | Noticed a Killer Klown
 68569 | Zot:5    | Noticed an orb of fire
 68586 | Zot:5    | Gained mutation: You have sharp toenails. [an orb of fire]
 68587 | Zot:5    | Killed a Killer Klown
 68589 | Zot:5    | Killed an orb of fire
 68612 | Zot:5    | Noticed an ancient lich
 68612 | Zot:5    | Noticed a Killer Klown
 68618 | Zot:5    | Killed an ancient lich
 68619 | Zot:5    | Reached skill level 18 in Dodging
 68635 | Zot:5    | Killed a Killer Klown
 68739 | Zot:5    | Noticed a Killer Klown
 68746 | Zot:5    | Killed a Killer Klown
 70045 | Zot:5    | Reached skill level 23 in Fighting
 70508 | Zot:5    | Noticed a Killer Klown
 70516 | Zot:5    | Noticed an orb of fire
 70517 | Zot:5    | Killed a Killer Klown
 70520 | Zot:5    | Gained mutation: You occasionally shout uncontrollably at
                  | your foes. [an orb of fire]
 70524 | Zot:5    | Noticed an orb of fire
 70528 | Zot:5    | Killed an orb of fire
 70536 | Zot:5    | Noticed an orb of fire
 70541 | Zot:5    | Gained mutation: Armour fits poorly on your strangely
                  | shaped body. [an orb of fire]
 70547 | Zot:5    | Killed an orb of fire
 70548 | Zot:5    | Reached skill level 23 in Armour
 70561 | Zot:5    | Killed an orb of fire
 70694 | Zot:5    | Lost mutation: You occasionally shout uncontrollably at
                  | your foes. [potion of mutation]
 70694 | Zot:5    | Lost mutation: You have sharp toenails. [potion of
                  | mutation]
 70694 | Zot:5    | Gained mutation: You expend magic power (3 MP) to
                  | strengthen your wands. [potion of mutation]
 70694 | Zot:5    | Gained mutation: Your muscles are strong. (Str +4, Int/Dex
                  | -1) [potion of mutation]
 70694 | Zot:5    | Gained mutation: Your system is resistant to poisons.
                  | (rPois) [potion of mutation]
 70695 | Zot:5    | Lost mutation: Armour fits poorly on your strangely shaped
                  | body. [potion of mutation]
 70695 | Zot:5    | Lost mutation: You expend magic power (3 MP) to strengthen
                  | your wands. [potion of mutation]
 70695 | Zot:5    | Gained mutation: You have sharp fingernails. [potion of
                  | mutation]
 71325 | Zot:5    | Got the Orb of Zot
 71772 | D:8      | Noticed Enide the pandemonium lord
 71785 | D:7      | Noticed Barrenublo the pandemonium lord
 71801 | D:7      | Killed Barrenublo the pandemonium lord
 71934 | D:$      | Escaped with the Orb!

Illustrated notes

Levels and vault maps discovered:
D:1:      dpeg_arrival_radiant, layout_basic, chequers_garden
D:2:      layout_basic, chequers_jeans, roderic_lattice_a
D:3:      layout_loops_ring, okawaru_gym_becter, gammafunk_ghost_necromancy,
          uniq_natasha
D:4:      gammafunk_wand_slinger, layout_cave_pools, dk_yredelemnul_ordeal,
          nicolae_overflow_crystal_walls, serial_column_ruins,
          column_ruins_circle_medium, column_ruins_courtyard_long,
          column_ruins_open_small, column_ruins_grid_1,
          column_ruins_columns_corner, column_ruins_grid_1,
          column_ruins_open_small
D:5:      layout_loops_cross, mainiacjoe_overflow_six_doors_small,
          minmay_misc_feat_tower, minmay_misc_feat_ornament
D:6:      layout_rooms, mainiacjoe_overflow_small_starburst,
          gammafunk_ghost_icy, minmay_fractal_squares_diagonal_5
D:7:      cheibrodos_fertilizer, layout_loops_ring,
          minmay_temple_entry_mini_moons
D:8:      layout_basic, mainiacjoe_overflow_alcove_1,
          mainiacjoe_overflow_boulevard, nicolae_qazlal_style_of_elements,
          nicolae_looking_at_the_future, uniq_pikel
D:9:      layout_basic, ebering_ghost_xom, uniq_joseph
D:10:     layout_long_grid, mainiacjoe_overflow_chevrons,
          nicolae_trove_entry_diagonal, grunt_ministairs_11
D:11:     layout_irregular_city, due_lair_maze_entry_diamond, uniq_amaemon
D:12:     layout_basic, orc_0_dummy, serial_shops,
          nicolae_shop_temple_entry_statues_fountains,
          kennysheep_generic_room_10
D:13:     layout_big_octagon, david_vaults_1, uniq_urug, uniq_frances,
          uniq_erolcha
D:14:     layout_loops_ring, hex_medium, uniq_agnes
D:15:     grunt_enter_depths_snipers, layout_loops_cross, minivault_24,
          minmay_the_grid_2x2 [minmay_the_grid_spikes,
          minmay_the_grid_outer_diamond, minmay_the_grid_embedded,
          minmay_the_grid_prize_trominoes]
Temple:   nicolae_temple_god_jail
Lair:1:   layout_long_grid, uniq_nergalle
Lair:2:   layout_chaotic_city, mainiacjoe_swamp_entry_lozenge_pond,
          hellmonk_spider_entry_not_the_bees, gauntlet_entry_generic
Lair:3:   layout_gridlike, nicolae_volcano_entry_vermiform
Lair:4:   dreamdust_isle_of_ice, layout_hall_layers, slime_entry_1,
          grunt_megastairs_2, lemuel_fruit_fields, infiniplex_staircase_pool,
          serial_bayou_shore_b
Lair:5:   hangedman_lair_tendril_chambers, layout_cave_pods,
          guppyfry_lair_end_dragon
Swamp:1:  layout_falls_marsh, evilmike_swamp_ruin_house_6
Swamp:2:  nzn_winding_woodlands_small
          [nzn_winding_woodlands_5x15_river_crossing,
          nzn_winding_woodlands_center_garden, nzn_winding_woodlands_5x15_eye],
          layout_basic_swamp, serial_swamp_ruin, hangedman_swamp_ruin_hall,
          evilmike_swamp_ruin_house_1, swamp_pool_4, hangedman_swamp_wriggling,
          uniq_donald
Swamp:3:  nicolae_swamp_ascending_descending_big, layout_basic_swamp,
          nicolae_swamp_feature_on_the_river_bank
Swamp:4:  swamp_pestilence, layout_basic_swamp, nicolae_swamp_tree_isthmus,
          nicolae_swamp_decorative_isthmus
Spider:1: layout_spider_delve
Spider:2: layout_cave_pods, portal_ice_cave_entry_dragon,
          hangedman_spider_tarantella_strand, uniq_aizul
Spider:3: layout_spider_delve, gammafunk_ghost_berserking_beasts
Spider:4: floodkiller_spider_rune_tomb
Orc:1:    layout_caves, serial_shops, shop, basic_altar,
          regret_index_minedec_devilstone
Orc:2:    st_orc_mages, layout_diamond_mine
Elf:1:    nicolae_elf_arrival_no_cutting_in_line, layout_loops_corners,
          ebering_ghost_reflecting_pool, hangedman_elf_represent, uniq_asterion
Elf:2:    elven_hall_of_blades_hangedman_original [nooodl_blade_entry_preview],
          layout_loops_corners, lightli_enter_wizlab_magi_temple,
          corner_web_ring, uniq_roxanne
Elf:3:    minmay_elf_hall_curves, layout_geoelf_castle, gammafunk_ghost_ooze
Vaults:1: nicolae_vaults_shipping_containers_5, v_rooms_2,
          hangedman_vaults_restitches, v_pattern_2, ontoclasm_vaults_gateway,
          nicolae_vaults_tetromino_Z_1, vaults_mumra_hex,
          nicolae_vaults_storage_room_statues, v_misc_30, vaults_dpeg_cross,
          layout_vaults_big_room
Vaults:2: minmay_crypt_entry_simple_plaza, v_misc_13, ontoclasm_vaults_pinch,
          nicolae_vaults_turnstiles, nicolae_vaults_museum, v_pattern_1,
          nicolae_vaults_asterisk, grunt_vaults_diagonal,
          nicolae_vaults_bisected_slash, nicolae_vaults_apartment_1, v_misc_18,
          ontoclasm_vaults_bender, v_alt_pattern_6, nicolae_vaults_apartment_1,
          nicolae_vaults_border_crossing, vaults_room_fours,
          layout_vaults_omnicross
Vaults:3: hangedman_vaults_corner_blocks, hangedman_vaults_nodes,
          nicolae_vaults_closet_pinwheel_6, nicolae_vaults_prndl, st_diamondy,
          v_rooms_1, grunt_vaults_bifocal, vaults_dpeg_emergency_exit,
          ontoclasm_vaults_tryst, v_misc_32, nicolae_vaults_apartment_2,
          minmay_orc_keep, vaults_mumra_chevron, layout_vaults_omnibox,
          uniq_norris, uniq_mara
Vaults:4: nicolae_vaults_yaktaur_gun_rack, nicolae_vaults_offset_grid_hallway_4,
          ontoclasm_vaults_misaligned, vaults_room_pools,
          dpeg_vaults_hating_casters, ontoclasm_vaults_misaligned,
          nicolae_vaults_double_plus_2, vaults_mumra_lcd,
          nicolae_vaults_windows_and_doors_thing, nicolae_vaults_six-pack,
          vaults_dpeg_hooks, nicolae_vaults_taking_the_gang_shopping,
          ontoclasm_vaults_ligature, v_misc_19, layout_vaults_ring, uniq_jory
Vaults:5: uniq_saint_roka
Depths:1: layout_roguey, enter_ziggurat_f, nicolae_zig_zag_zippers, pan_entry,
          serial_shops, shop, serial_corexii_hall,
          chequers_hall_statues_corner_a, corexii_hall_statues_i, hell_entry,
          fedhas_altar_2
Depths:2: minmay_box_of_curves, layout_gridlike, grunt_hell_entry_dis_mu,
          rand_demon_pan_entry_4, nicolae_tricolors, dispersion_dpeg,
          uniq_josephina
Depths:3: cheibrodos_tormentor_scu, layout_honeycomb, abyss_entry,
          grunt_metal_band, infiniplex_staircase_split_hallway,
          serial_bayou_shore_b, minmay_shoptagon
Depths:4: grunt_zot_entry_gee_three, layout_gridlike, hell_entry, pan_entry,
          lemuel_angel_altar
Zot:1:    layout_misc_corridors, regret_index_zotdec_obsidian_hm,
          ebering_ghost_disaster_area, uniq_tiamat
Zot:2:    kennysheep_room_grid, layout_gridlike, evilmike_ambush
          [evilmike_ambush_outer_doors, evilmike_ambush_inner_basic]
Zot:3:    layout_twisted_circle, regret_index_zotdec_banners
Zot:4:    layout_misc_corridors
Zot:5:    layout_onion, lemuel_golem_globe

Skill      XL: |  1  2  3  4  5  6  7  8  9 10 11 12 13 14 15 16 17 18 19 20 21 22 23 24 25 26 27 |
---------------+----------------------------------------------------------------------------------+-----
Fighting       | 2 3 4 5 7 8 10 11 12 13 14 15 16 17 18 19 20 23 | 23.4
Long Blades    | 1 2 3 4 6 8 11 12 14 16 17 18 19 20 21 22 23 24 | 24.0
Armour         | 1 3 4 5 6 8 9 10 11 12 13 14 15 16 17 18 20 23 | 23.2
Evocations     | 1 4 6 7 8 9 10 11 | 11.0
Shields        | 3 7 9 10 11 12 13 14 15 | 15.2
Invocations    | 4 7 9 10 11 12 13 14 | 14.0
Stealth        | 2 4 5 7 8 10 11 12 | 12.6
Dodging        | 2 4 5 6 7 8 9 10 12 13 14 16 18 | 18.7
Translocations | 3 6 8 |  8.6
Unarmed Combat | |  3.0
Shapeshifting  | |  3.2

Action                     |  1- 3 |  4- 6 |  7- 9 | 10-12 | 13-15 | 16-18 | 19-21 | 22-24 | 25-27 || total
---------------------------+-------+-------+-------+-------+-------+-------+-------+-------+-------++-------
  Melee: Unarmed           |    65 |       |       |       |       |       |       |       |       ||    65
         Great sword       |    35 |    64 |       |     4 |   430 |   530 |   403 |   783 |   165 ||  2414
         Dagger            |     9 |       |       |       |       |       |       |       |       ||     9
         Punch             |     1 |       |     7 |     7 |       |       |       |       |       ||    15
         Short sword       |       |    24 |   280 |   824 |   999 |    56 |       |       |       ||  2183
         Scimitar          |       |       |       |       |       |   537 |   353 |       |       ||   890
         Triple sword      |       |       |       |       |       |       |   328 |   401 |  1541 ||  2270
  Throw: Dart              |       |     2 |     1 |    12 |     2 |     5 |     2 |       |       ||    24
 Invoke: Shadow Form       |       |       |       |       |       |     2 |       |       |     2 ||     4
         Shadow Step       |       |       |       |       |       |       |       |     1 |     2 ||     3
Ability: Begin Untransform |     1 |       |       |       |       |       |       |       |       ||     1
         Dig               |       |       |     1 |     4 |     6 |     3 |    13 |     3 |     5 ||    35
  Evoke: Wand              |       |       |       |     1 |     3 |     7 |     6 |     8 |    27 ||    52
         Phial of floods   |       |       |       |       |       |     1 |     1 |       |       ||     2
         Box of beasts     |       |       |       |       |       |     2 |     1 |     2 |     2 ||     7
         Lightning rod     |       |       |       |       |       |       |     7 |       |       ||     7
         Condenser vane    |       |       |       |       |       |       |     1 |       |     1 ||     2
         Phantom mirror    |       |       |       |       |       |       |       |     1 |     2 ||     3
    Use: Scroll            |       |     4 |     6 |     8 |    13 |     2 |     9 |     9 |    14 ||    65
         Potion            |       |     1 |       |     2 |       |     3 |     3 |     1 |    14 ||    24
   Stab: Sleeping          |     1 |       |       |       |     2 |    24 |    32 |    29 |       ||    88
         Petrifying        |       |       |       |     2 |     2 |     1 |       |       |       ||     5
         Petrified         |       |       |       |       |     1 |     2 |       |       |       ||     3
         Distracted        |       |       |       |       |     7 |    11 |    22 |    18 |     4 ||    62
         Paralysed         |       |       |       |       |     1 |     2 |       |     2 |     1 ||     6
         Invisible         |       |       |       |       |       |     1 |     3 |       |    47 ||    51
         Held in net/web   |       |       |       |       |       |       |       |       |     1 ||     1
 Armour: Animal skin       |    38 |       |       |       |       |       |       |       |       ||    38
         Chain mail        |    48 |    81 |    49 |   364 |   780 |  1101 |   801 |   387 |       ||  3611
         Plate armour      |       |    42 |   191 |       |       |       |       |       |       ||   233
         Gold dragon scale |       |       |       |       |       |       |       |   166 |   951 ||  1117
  Dodge: Dodged            |    86 |    39 |    99 |   264 |   461 |   635 |   485 |   517 |   993 ||  3579
  Block: Buckler           |       |       |       |   110 |   603 |   661 |   574 |   534 |   820 ||  3302
         Reflection        |       |       |       |     3 |    31 |    46 |    34 |    62 |    84 ||   260

Table legend:
 A = Kills in this place as a percentage of kills in the entire game.
 B = Kills by you in this place as a percentage of kills by you in the entire game.
 C = Kills by friends in this place as a percentage of kills by friends in the entire game.
 D = Other kills in this place as a percentage of other kills in the entire game.
 E = Experience gained in this place as a percentage of experience gained in the entire game.
 F = Experience gained in this place divided by the number of levels of this place that you have seen.
                   A       B       C       D       E      F
               +-------+-------+-------+-------+-------+----------------------
         Total | 100.0 | 100.0 | 100.0 | 100.0 | 100.0 | 25783.2
       Dungeon |  15.8 |  16.1 |   0.0 |   0.0 |   4.8 | 4279.5
          Lair |  10.5 |  10.6 |   0.0 |   0.0 |   5.0 | 13368.4
         Swamp |   9.5 |   9.5 |  12.5 |   9.1 |   7.7 | 25713.8
   Spider Nest |  11.7 |  11.9 |   0.0 |   0.0 |   8.5 | 28349.8
  Orcish Mines |   5.7 |   5.8 |   0.0 |   0.0 |   0.9 | 5878.5
   Elven Halls |   7.1 |   7.2 |   0.0 |   0.0 |   8.2 | 36429.7
        Vaults |  21.4 |  21.5 |   8.3 |  18.2 |  27.7 | 74196.6
        Depths |   8.1 |   8.1 |   4.2 |  27.3 |  14.1 | 47266.2
           Zot |   9.4 |   8.5 |  75.0 |  45.5 |  22.8 | 61221.4
       Volcano |   0.7 |   0.8 |   0.0 |   0.0 |   0.3 | 4283.0
      Gauntlet |   0.2 |   0.2 |   0.0 |   0.0 |   0.1 | 1955.0
               +-------+-------+-------+-------+-------+----------------------

Table legend: (Time is in decaauts)
 A = Elapsed time spent in this place.
 B = Non-inter-level travel time spent in this place.
 C = Inter-level travel time spent in this place.
 D = Time resting spent in this place.
 E = Time spent auto-exploring this place.
 F = Levels seen in this place.
 G = Mean time per level.
                   A        B        C        D        E       F      G
               +--------+--------+--------+--------+--------+-----+--------+
         Total |  70471 |  64463 |   6008 |  15652 |  33420 |  52 | 1355.2 |
       Dungeon |  16633 |  14629 |   2004 |   1314 |  10384 |  15 | 1108.9 |
        Temple |     39 |      7 |     32 |      0 |      0 |   1 |   39.0 |
          Lair |   6539 |   5674 |    865 |    446 |   3256 |   5 | 1307.8 |
         Swamp |   6639 |   6379 |    260 |   1678 |   3209 |   4 | 1659.8 |
   Spider Nest |   6196 |   5717 |    479 |   1514 |   2674 |   4 | 1549.0 |
  Orcish Mines |   2001 |   1665 |    336 |    234 |    960 |   2 | 1000.5 |
   Elven Halls |   8522 |   8257 |    265 |   3060 |   3766 |   3 | 2840.7 |
        Vaults |   8803 |   8048 |    755 |   1378 |   4374 |   5 | 1760.6 |
        Depths |   6065 |   5269 |    796 |    635 |   3407 |   4 | 1516.2 |
           Zot |   7909 |   7697 |    212 |   4938 |   1222 |   5 | 1581.8 |
         Trove |     94 |     94 |      0 |      0 |      0 |   1 |   94.0 |
       Volcano |    214 |    214 |      0 |      3 |     58 |   1 |  214.0 |
        Wizlab |     25 |     25 |      0 |      0 |      0 |   1 |   25.0 |
      Gauntlet |    786 |    786 |      0 |    450 |    108 |   1 |  786.0 |
               +--------+--------+--------+--------+--------+-----+--------+

Top non-repeatable levels by time:
   Zot:5: 5025 daAuts
   Elf:3: 4483 daAuts
 Swamp:2: 3103 daAuts
Vaults:5: 2602 daAuts
Depths:2: 2408 daAuts
   Elf:2: 2378 daAuts
    D:15: 2128 daAuts
 Swamp:4: 1904 daAuts
Vaults:3: 1845 daAuts
Spider:2: 1733 daAuts
Spider:3: 1730 daAuts
  Lair:2: 1710 daAuts
Spider:4: 1688 daAuts
   Elf:1: 1659 daAuts
Vaults:2: 1597 daAuts
